 Dungeon Sprint DCSS version 0.24.0-1-gfbc8707 (webtiles) character file.

Game seed: 16061798441173054661, levelgen mode: deterministic

95025 Fang the Slayer (level 16, -7/123 HPs)
             Began as a Gargoyle Berserker on Nov 6, 2019.
             Was the Champion of Trog.
             Killed by divine providence
             ... invoked by a balrug
              (9 damage)
             ... in the Dungeon (Sprint V: "Ziggurat Sprint").
             The game lasted 00:08:39 (1875 turns).

Fang the Slayer (Gargoyle Berserker)                Turns: 1875, Time: 00:08:40

Health: -7/123     AC: 57    Str: 30    XL:     16   Next: 13%
Magic:  16/16      EV: 12    Int: 18    God:    Trog [******]
Gold:   0          SH: 39    Dex: 18    Spells: 15/15 levels left

rFire    + . .     SeeInvis +   a - +5 broad axe (freeze)
rCold    + . .     Gourm    .   E - +18 shield of the Gong {rElec rN+ MR+ EV-5}
rNeg     + + .     Faith    .   b - +15 Maxwell's patent armour {-Cast -Tele rElec MR+ rCorr}
rPois    ∞         Spirit   .   I - +3 crown of Dyrovepreva {rElec Int+2 SInv}
rElec    +         Reflect  +   H - +2 cloak of the Thief {+Fog Slay-2 SInv Stlth+}
rCorr    +         Harm     .   G - +1 pair of gloves {Dex+3}
MR       +++++     NoTele   +   M - +2 pair of boots of the Assassin {Detection Stab+ Stlth++} Stlth +.........NoCast +
                                x - +3 amulet of reflection
HPRegen  1.30/turn              P - ring "Sealarerph" {rF+ Int+3 Dex+2 SInv Stlth+}
MPRegen  0.15/turn              g - ring "Kesaenk" {rC+ MR+ Str+3 Int+4 Dex+4}

@: berserk cooldown, flying, regenerating, slowed, very slow
A: big wings, negative energy resistance 1, electricity resistance, unbreathing,
petrification resistance, rot immunity, AC +12
a: Stop Flying, Berserk, Trog's Hand, Brothers in Arms, Renounce Religion, Evoke
Fog


You were in the Dungeon.
You worshipped Trog.
Trog was exalted by your worship.
You were near starving.

You visited 1 branch

Inventory:

Hand Weapons
 a - a +5 broad axe of freezing (weapon)
 F - a +5 broad axe of chopping
 J - the +11 battleaxe "Guuha" {flame, rPois Str+3 Dex-4}
   (You took it off a vault guard in the Dungeon)

   It has been specially enchanted to burn those struck by it, causing extra
   injury to most foes and up to half again as much damage against particularly
   susceptible opponents.
   Big, fiery blades are also staple armaments of hydra-hunters.
   It affects your strength (+3).
   It affects your dexterity (-4).
   It protects you from poison.
 K - the +9 war axe of Pestilence {venom, rElec rC- MR+++ Stlth+}
   (You took it off a vault guard in the Dungeon)

   It poisons the flesh of those it strikes.
   It makes you vulnerable to cold.
   It insulates you from electricity.
   It affects your resistance to hostile enchantments.
   It makes you more stealthy.
 L - a +2 broad axe of venom
 N - the cursed +3 war axe of Plague {holy, *Rage rC+ Dex+2}
   (You found it in the Dungeon)

   It has been blessed by the Shining One to cause great damage to the undead
   and demons.
   It affects your dexterity (+2).
   It protects you from cold.
   It may make you go berserk in combat.
   It has a curse placed upon it.
 U - the +5 battleaxe "Worm's Wrath" {chop, rPois rN+ Int+4}
   (You found it in the Dungeon)

   It inflicts extra damage upon your enemies.
   It affects your intelligence (+4).
   It protects you from poison.
   It protects you from negative energy.
Armour
 b - the +15 Maxwell's patent armour (worn) {-Cast -Tele rElec MR+ rCorr}
   (You found it in the Dungeon)

   It insulates you from electricity.
   It affects your resistance to hostile enchantments.
   It prevents spellcasting.
   It prevents most forms of teleportation.
   It provides partial protection from all sources of acid and corrosion.
 A - the +0 cloak "Wir Ahig" {rElec rPois rN+ MR-}
   (You found it in the Dungeon)

   It insulates you from electricity.
   It protects you from poison.
   It protects you from negative energy.
   It affects your resistance to hostile enchantments.
 E - the +18 shield of the Gong (worn) {rElec rN+ MR+ EV-5}
   (You found it in the Dungeon)

   It affects your evasion (-5).
   It insulates you from electricity.
   It protects you from negative energy.
   It affects your resistance to hostile enchantments.
 G - a +1 pair of gloves of dexterity (worn)
 H - the +2 cloak of the Thief (worn) {+Fog Slay-2 SInv Stlth+}
   (You found it in the Dungeon)

   It affects your accuracy and damage with ranged weapons and melee attacks
   (-2).
   It lets you see invisible.
   It makes you more stealthy.
 I - the +3 crown of Dyrovepreva (worn) {rElec Int+2 SInv}
   (You found it in the Dungeon)

   It affects your intelligence (+2).
   It insulates you from electricity.
   It lets you see invisible.
 M - the +2 pair of boots of the Assassin (worn) {Detection Stab+ Stlth++}
   (You found it in the Dungeon)

   It makes you much more stealthy.
Jewellery
 g - the ring "Kesaenk" (right hand) {rC+ MR+ Str+3 Int+4 Dex+4}
   (You found it in the Dungeon)

   [ring of intelligence]

   It affects your strength (+3).
   It affects your intelligence (+4).
   It affects your dexterity (+4).
   It protects you from cold.
   It affects your resistance to hostile enchantments.
 o - a +3 ring of protection
 r - an uncursed ring of protection from magic
 x - a +3 amulet of reflection (around neck)
 y - the ring of Hiusiarph {rF+ Dex+5}
   (You took it off a merfolk javelineer in the Dungeon)

   [ring of dexterity]

   It affects your dexterity (+5).
   It protects you from fire.
 B - a +3 ring of strength
 C - an uncursed amulet of harm
 D - a +4 ring of protection
 P - the ring "Sealarerph" (left hand) {rF+ Int+3 Dex+2 SInv Stlth+}
   (You found it in the Dungeon)

   [ring of see invisible]

   It affects your intelligence (+3).
   It affects your dexterity (+2).
   It protects you from fire.
   It lets you see invisible.
   It makes you more stealthy.
 S - the amulet "Vijarph" {Regen+ Str+7}
   (You found it in the Dungeon)

   [amulet of regeneration]

   It affects your strength (+7).
   It increases your rate of regeneration.
Wands
 u - a wand of disintegration (7)
 v - a wand of iceblast (7)
 w - a wand of acid (7)
Scrolls
 i - 4 scrolls of blinking
 j - 7 scrolls of fog
 k - a scroll of holy word
 l - 4 scrolls of identify
 m - 4 scrolls of remove curse
 n - 2 scrolls of fear
Potions
 d - 10 potions of curing
 e - 13 potions of heal wounds
 f - 9 potions of haste
 h - 3 potions of berserk rage
 p - 2 potions of invisibility
 q - 4 potions of resistance
 s - 6 potions of agility
 t - 6 potions of might
Comestibles
 c - 8 rations
 z - 5 chunks of flesh


   Skills:
 * Level 22.0 Fighting
 * Level 19.2 Axes
 + Level 16.3 Armour
 + Level 13.1 Dodging
 * Level 21.9 Shields


You had 15 spell levels left.
You didn't know any spells.
Your spell library was empty.

Dungeon Overview and Level Annotations

Branches:
Dungeon (1/1)

Altars:
Ashenzari
Cheibriados
Dithmenos
Elyvilon
Fedhas
Gozag
Hepliaklqana
Kikubaaqudgha
Makhleb
Nemelex Xobeh
Okawaru
Qazlal
Ru
Sif Muna
Trog
Uskayaw
Vehumet
Wu Jian
Xom
Yredelemnul
Zin
The Shining One
Beogh
Jiyva
Lugonu


Innate Abilities, Weirdness & Mutations

You are resistant to torment.
Your stone body is resilient. (AC +12)
You are immune to poison.
Your large and strong wings let you fly indefinitely.
You resist negative energy. (rN+)
You are resistant to electric shocks. (rElec)
You can survive without breathing.
You are immune to petrification.
You are immune to rotting.


Message History

You block the fire dragon's attack.
SHROANNG!
You block the fire dragon's attack.
BONNNG!
The efreet gestures at you. The bolt of fire hits you. You resist.
* * * LOW HITPOINT WARNING * * *
The fire giant points at you and mumbles some strange words.
The bolt of fire hits you. You resist.
* * * LOW HITPOINT WARNING * * *
The hell hound breathes flames at you.
The blast of flame hits the fire giant.
The fire giant resists.
The blast of flame misses you. The balrug gestures at you.
The bolt of fire hits the fire dragon.
The fire dragon resists.
The bolt of fire hits you! You resist.
* * * LOW HITPOINT WARNING * * *
The balrug gestures at you. Something smites you!
You die...

...............▓..▓..)(.≈≈▓.
...............▓.▓▓▓))..≈▓▓▓
...............▓.≈▓.))≈()(▓.
...............▓..≈≈..≈.).)≈
.......†)†.....▓..≈.(.©≈((.)
..v▓....°..▓...▓▓▓▓▓▓▓▓▓▓▓▓▓
.v......DR.....▓.....8©8....
.......hhCR)...▓...})):}..))
.......©2)D@...▓..:=:.:.[.|.
▓▓▓▓▓▓▓▓▓▓▓▓▓▓▓▓............
▓............


{{{{{{{{{{ ▓...)........ {{{{{{{{{{ ▓...)|))..... ▓...))))..... ▓.....)......
▓..▓.......▓. ▓............ You could see a fire giant, 2 fire dragons, a
balrug, 2 efreet and 2 hell hounds.

Vanquished Creatures
  2 liches (D)
  An acid blob (D)
  2 shadow dragons (D)
  A frost giant (D)
  2 ghouls (D)
  A spriggan defender (D)
  A stone giant (D)
  A vampire knight (D)
  2 dire elephants (D)
  2 merfolk impalers (D)
  A great orb of eyes (D)
  4 ice dragons (D)
  13 vault guards (D)
  A centaur warrior (D)
  2 shambling mangroves (D)
  A satyr (D)
  3 merfolk aquamancers (D)
  2 spriggan berserkers (D)
  A vampire mage (D)
  4 hell hogs (D)
  4 skeletal warriors (D)
  2 sea snakes (D)
  A spriggan druid (D)
  A harpy (D)
  4 necromancers (D)
  An oklob plant (D)
  2 shining eyes (D)
  2 deep elf magi (D)
  3 smoke demons (D)
  An apocalypse crab (D)
  A water nymph (D)
  A rime drake (D)
  2 freezing wraiths (D)
  3 yaktaurs (D)
  2 ice devils (D)
  2 merfolk (D)
  4 polar bears (D)
  2 wind drakes (D)
  5 hornets (D)
  6 slime creatures (D)
  2 large abominations (D)
  2 hippogriffs (D)
  2 spriggans (D)
  2 vampires (D)
  3 fire elementals (D)
  9 shadows (D)
  A golden eye (D)
  A yak (D)
  A naga (D)
  A water moccasin (D)
  3 hell hounds (D)
  A porcupine (D)
  An eye of draining (D)
  2 ice beasts (D)
  2 necrophages (D)
  A black bear (D)
  3 centaurs (D)
  4 wolves (D)
  6 wights (D)
  3 crimson imps (D)
  A quasit (D)
  8 jellies (D)
  3 iron imps (D)
  2 iguanas (D)
  An adder (D)
  A river rat (D)
  2 shadow imps (D)
  5 white imps (D)
  An ufetubus (D)
  4 oozes (D)
  An adder zombie (D)
  2 adder skeletons (D)
  2 ball pythons (D)
  2 bat skeletons (D)
  A bat simulacrum (D)
  3 giant cockroach zombies (D)
  A leopard gecko skeleton (D)
  2 quokka skeletons (D)
  A quokka zombie (D)
  A fire vortex (D)
190 creatures vanquished.

Vanquished Creatures (collateral kills)
  2 fire giants (D)
  2 fire dragons (D)
  A merfolk javelineer (D)
  2 merfolk impalers (D)
  A merfolk avatar (D)
  A merfolk siren (D)
  An efreet (D)
  A merfolk (D)
  A water elemental (D)
12 creatures vanquished.

Vanquished Creatures (others)
  A yaktaur captain (D)
  A cyclops (D)
  A merfolk (D)
  2 centaurs (D)
  An adder zombie (D)
6 creatures vanquished.

Grand Total: 208 creatures vanquished

Notes
Turn   | Place    | Note
-------+----------+-------------------------------------------
     0 | D        | Fang the Gargoyle Berserker began the quest for the Orb.
     0 | D        | Reached XP level 1. HP: 14/14 MP: 1/1
     0 | D        | Found a blossoming altar of Fedhas.
     1 | D        | Found the +6 Majin-Bo {vamp, Archmagi MP+6 Int+6}
     1 | D        | Found the +7 great mace "Firestarter" {inner flame, rF++}
     1 | D        | Found a transporter.
     1 | D        | Found a viscous altar of Jiyva.
     1 | D        | Found an ancient bone altar of Kikubaaqudgha.
     1 | D        | Found a hazy altar of Hepliaklqana.
     1 | D        | Found a corrupted altar of Lugonu.
     1 | D        | Found an opulent altar of Gozag.
     1 | D        | Found a burning altar of Makhleb.
    17 | D        | Found a stormy altar of Qazlal.
    17 | D        | Found an iron altar of Okawaru.
    17 | D        | Found a sacrificial altar of Ru.
    17 | D        | Found a sparkling altar of Nemelex Xobeh.
    17 | D        | Found a shimmering blue altar of Sif Muna.
    17 | D        | Found a bloodstained altar of Trog.
    24 | D        | Found the +9 heavy crossbow "Sniper" {velocity, Acc+∞ SInv}
    24 | D        | Found the +10 dark maul {crush}
    24 | D        | Found the +15 Maxwell's patent armour {-Cast -Tele rElec
                  | MR+ rCorr}
    24 | D        | Found the +18 shield of the Gong {rElec rN+ MR+ EV-5}
    24 | D        | Found the cursed +14 obsidian axe {chop, +Fly SInv *Curse}
    85 | D        | Entered arena 2.
    85 | D        | Noticed a deep elf mage
    85 | D        | Noticed a deep elf mage
    85 | D        | Found a transporter.
    90 | D        | Killed a deep elf mage
    90 | D        | Reached skill level 8 in Fighting
    90 | D        | Reached skill level 5 in Armour
    90 | D        | Reached XP level 2. HP: 25/25 MP: 2/2
    90 | D        | Reached XP level 3. HP: 29/29 MP: 3/3
    90 | D        | Reached XP level 4. HP: 35/35 MP: 4/4
    90 | D        | Reached XP level 5. HP: 39/39 MP: 5/5
    90 | D        | Reached XP level 6. HP: 44/44 MP: 6/6
    92 | D        | Noticed a sun demon
    95 | D        | Killed a deep elf mage
    95 | D        | Reached ** piety under Trog
    95 | D        | Reached skill level 9 in Fighting
    95 | D        | Reached skill level 5 in Dodging
    95 | D        | Reached XP level 7. HP: 52/52 MP: 7/7
   100 | D        | Got the ring "Kesaenk" {rC+ MR+ Str+3 Int+4 Dex+4}
   148 | D        | Entered arena 3.
   148 | D        | Found a transporter.
   152 | D        | Reached XP level 8. HP: 53/57 MP: 8/8
   152 | D        | Reached *** piety under Trog
   172 | D        | Entered arena 4.
   172 | D        | Found a transporter.
   173 | D        | Found the +10 zealot's sword {holy, *Rage rN+ EV+3}
   175 | D        | Reached skill level 10 in Fighting
   178 | D        | Reached **** piety under Trog
   196 | D        | Entered arena 5.
   196 | D        | Noticed a polar bear
   196 | D        | Found a transporter.
   197 | D        | Found the +8 autumn katana {slice, Clar}
   202 | D        | Killed a polar bear
   202 | D        | Reached skill level 10 in Shields
   207 | D        | Got the ring "Sadiv" {Wiz Int+3}
   210 | D        | Entered arena 6.
   210 | D        | Found a transporter.
   212 | D        | Reached ***** piety under Trog
   223 | D        | Entered arena 7.
   223 | D        | Noticed a centaur warrior
   223 | D        | Noticed a cyclops
   223 | D        | Noticed a yaktaur
   223 | D        | Reached skill level 11 in Fighting
   224 | D        | Found a transporter.
   227 | D        | Received a gift from Trog
   229 | D        | Reached XP level 9. HP: 64/64 MP: 9/9
   231 | D        | Killed a cyclops
   233 | D        | Killed a yaktaur
   233 | D        | Reached skill level 10 in Axes
   236 | D        | Killed a centaur warrior
   236 | D        | Reached skill level 12 in Fighting
   282 | D        | Entered arena 8.
   282 | D        | Noticed a merfolk
   282 | D        | Noticed a merfolk
   283 | D        | Found a transporter.
   288 | D        | Reached XP level 10. HP: 72/72 MP: 10/10
   294 | D        | Received a gift from Trog
   294 | D        | Reached skill level 13 in Fighting
   341 | D        | Got the cursed +0 cloak "Wir Ahig" {rElec rPois rN+ MR-}
   354 | D        | Entered arena 9.
   354 | D        | Noticed a spriggan druid
   362 | D        | Killed a spriggan druid
   364 | D        | Reached ****** piety under Trog
   368 | D        | Found a transporter.
   414 | D        | Entered arena 10.
   414 | D        | Noticed a smoke demon
   414 | D        | Noticed a smoke demon
   415 | D        | Found a transporter.
   421 | D        | Received a gift from Trog
   423 | D        | Killed a smoke demon
   425 | D        | Killed a smoke demon
   425 | D        | Reached skill level 10 in Armour
   606 | D        | Entered arena 11.
   607 | D        | Found the +2 cloak of the Thief {+Fog Slay-2 SInv Stlth+}
   607 | D        | Found a transporter.
   611 | D        | Received a gift from Trog
   613 | D        | Reached skill level 14 in Fighting
   663 | D        | Entered arena 12.
   663 | D        | Noticed an ice dragon
   663 | D        | Noticed an ice dragon
   663 | D        | Noticed an ice dragon
   664 | D        | Found the +2 pair of boots of the Assassin {Detection Stab+
                  | Stlth++}
   664 | D        | Noticed a frost giant
   666 | D        | Found a transporter.
   668 | D        | Reached XP level 11. HP: 80/80 MP: 6/11
   672 | D        | Killed an ice dragon
   672 | D        | Received a gift from Trog
   676 | D        | Killed an ice dragon
   681 | D        | Killed an ice dragon
   681 | D        | Reached skill level 15 in Fighting
   684 | D        | Killed a frost giant
   684 | D        | Received a gift from Trog
   684 | D        | Reached skill level 15 in Shields
   980 | D        | Entered arena 13.
   980 | D        | Noticed an ice dragon
   982 | D        | Found a transporter.
   988 | D        | Killed an ice dragon
   988 | D        | Received a gift from Trog
   990 | D        | Received a gift from Trog
  1051 | D        | Entered arena 14.
  1052 | D        | Noticed a large abomination
  1053 | D        | Found the +8 trident of the Octopus King {venom, rElec
                  | rPois MR+}
  1053 | D        | Identified the +7 hand crossbow of the Sugar Beet {elec,
                  | *Corrode rN+ Str+4 Int+4}
  1054 | D        | Found a transporter.
  1058 | D        | Killed a large abomination
  1062 | D        | Received a gift from Trog
  1063 | D        | Reached XP level 12. HP: 88/88 MP: 12/12
  1066 | D        | Reached skill level 16 in Fighting
  1121 | D        | Entered arena 15.
  1122 | D        | Noticed a shambling mangrove
  1122 | D        | Noticed a dire elephant
  1122 | D        | Noticed a spriggan berserker
  1122 | D        | Noticed a spriggan defender
  1122 | D        | Noticed a satyr
  1122 | D        | Noticed a shambling mangrove
  1123 | D        | Identified the +6 rapier "Aphug" {venom, MR+ Str+5}
  1124 | D        | Noticed a spriggan berserker
  1125 | D        | Noticed a dire elephant
  1128 | D        | Killed a spriggan berserker
  1128 | D        | Received a gift from Trog
  1131 | D        | Noticed a death yak
  1131 | D        | Killed a spriggan defender
  1131 | D        | Killed a shambling mangrove
  1139 | D        | Killed a satyr
  1146 | D        | Killed a spriggan berserker
  1146 | D        | Received a gift from Trog
  1147 | D        | Killed a shambling mangrove
  1147 | D        | Reached skill level 17 in Fighting
  1148 | D        | Killed a dire elephant
  1148 | D        | Reached skill level 10 in Dodging
  1151 | D        | Killed a dire elephant
  1151 | D        | Received a gift from Trog
  1151 | D        | Reached skill level 15 in Axes
  1156 | D        | Found a transporter.
  1171 | D        | Got the ring "Sealarerph" {rF+ Int+3 Dex+2 SInv Stlth+}
  1215 | D        | Entered arena 16.
  1215 | D        | Noticed a vampire mage
  1218 | D        | Noticed a ghoul
  1223 | D        | Killed a vampire mage
  1223 | D        | Received a gift from Trog
  1229 | D        | Reached XP level 13. HP: 97/97 MP: 6/13
  1233 | D        | Received a gift from Trog
  1247 | D        | Killed a ghoul
  1247 | D        | Reached skill level 18 in Fighting
  1255 | D        | Found the +3 crown of Dyrovepreva {rElec Int+2 SInv}
  1259 | D        | Found a transporter.
  1338 | D        | Entered arena 17.
  1341 | D        | Noticed an acid blob
  1342 | D        | Noticed a great orb of eyes
  1344 | D        | Found a transporter.
  1348 | D        | Received a gift from Trog
  1351 | D        | Killed an acid blob
  1355 | D        | Received a gift from Trog
  1357 | D        | Killed a great orb of eyes
  1400 | D        | Got the amulet "Vijarph" {Regen+ Str+7}
  1415 | D        | Got the +5 battleaxe "Worm's Wrath" {chop, rPois rN+ Int+4}
  1436 | D        | Entered arena 18.
  1439 | D        | Noticed a merfolk impaler
  1439 | D        | Noticed a merfolk impaler
  1439 | D        | Noticed a merfolk impaler
  1440 | D        | Identified the ring of Hiusiarph {rF+ Dex+5}
  1440 | D        | Noticed a merfolk javelineer
  1440 | D        | Noticed a merfolk impaler
  1450 | D        | Received a gift from Trog
  1453 | D        | Reached skill level 19 in Fighting
  1454 | D        | Killed a merfolk impaler
  1463 | D        | Received a gift from Trog
  1476 | D        | Killed a merfolk impaler
  1480 | D        | Killed a merfolk impaler
  1489 | D        | Received a gift from Trog
  1494 | D        | Killed a merfolk impaler
  1501 | D        | Killed a merfolk javelineer
  1526 | D        | Found a transporter.
  1541 | D        | Got the amulet "Xoviom" {Inacc rC- Str+3 Dex+2}
  1600 | D        | Entered arena 19.
  1603 | D        | Noticed a yaktaur captain
  1603 | D        | Noticed a vault guard
  1603 | D        | Noticed a vault guard
  1603 | D        | Noticed a vault guard
  1603 | D        | Noticed a lich
  1603 | D        | Noticed a vault guard
  1603 | D        | Noticed a vault guard
  1603 | D        | Noticed a vault guard
  1603 | D        | Noticed a shadow dragon
  1603 | D        | Noticed a vault guard
  1603 | D        | Noticed a shadow dragon
  1603 | D        | Noticed a vault guard
  1604 | D        | Noticed a stone giant
  1604 | D        | Identified the +11 battleaxe "Guuha" {flame, rPois Str+3
                  | Dex-4}
  1604 | D        | Noticed a vault guard
  1604 | D        | Identified the +9 war axe of Pestilence {venom, rElec rC-
                  | MR+++ Stlth+}
  1604 | D        | Noticed a vault guard
  1604 | D        | Noticed a vault guard
  1604 | D        | Noticed a vault guard
  1604 | D        | Noticed a vault guard
  1604 | D        | Identified the cursed +1 war axe "Ogreslayer" {chop, rF++
                  | Str-2}
  1605 | D        | Found the +7 captain's cutlass {speed, disarm}
  1606 | D        | Found a transporter.
  1609 | D        | Killed a vault guard
  1609 | D        | Gained mutation: Your large and strong wings let you fly
                  | indefinitely. [Gargoyle growth]
  1609 | D        | Reached XP level 14. HP: 106/106 MP: 10/14
  1612 | D        | Killed a lich
  1612 | D        | Received a gift from Trog
  1613 | D        | Reached skill level 20 in Fighting
  1626 | D        | Killed a shadow dragon
  1626 | D        | Reached skill level 15 in Armour
  1628 | D        | Killed a stone giant
  1628 | D        | Received a gift from Trog
  1637 | D        | Killed a shadow dragon
  1649 | D        | Received a gift from Trog
  1656 | D        | Reached skill level 21 in Fighting
  1667 | D        | Reached XP level 15. HP: 101/115 MP: 15/15
  1711 | D        | Entered arena 20.
  1720 | D        | Noticed a lich
  1720 | D        | Noticed a ghoul
  1722 | D        | Found the +3 robe of Folly {Archmagi, MR-- Int+5}
  1722 | D        | Identified the +2 quarterstaff of the Three Wishes {crush,
                  | rElec MR- MP+9 Dex+4}
  1726 | D        | Noticed an Executioner
  1730 | D        | Received a gift from Trog
  1735 | D        | Killed a ghoul
  1742 | D        | Received a gift from Trog
  1744 | D        | Killed a lich
  1747 | D        | Found a transporter.
  1750 | D        | Received a gift from Trog
  1822 | D        | Got the cursed +3 war axe of Plague {holy, *Rage rC+ Dex+2}
  1833 | D        | Entered arena 21.
  1840 | D        | Noticed a fire giant
  1841 | D        | Noticed a balrug
  1841 | D        | Noticed a fire giant
  1841 | D        | Identified the ring of Atong {-Tele rPois rF+++ rN+ Int+3}
  1841 | D        | Noticed a fire giant
  1849 | D        | Reached XP level 16. HP: 95/122 MP: 16/16
  1852 | D        | Received a gift from Trog
  1862 | D        | HP: 2/122 [fire dragon/blast of flame (11)]
  1867 | D        | HP: 1/122 [fire dragon/blast of flame (13)]
  1869 | D        | Reached skill level 22 in Fighting
  1871 | D        | Received a gift from Trog
  1873 | D        | HP: 6/123 [efreet/fireball (7)]
  1875 | D        | HP: 2/123 [balrug/bolt of fire (9)]
  1875 | D        | Killed from afar by a balrug

Levels and vault maps discovered:
D:        sprint_v [room_start, room_1, room_2, room_3, room_4, room_5, room_6,
          room_7, room_8, room_9, room_10, room_11, room_12, room_13, room_14,
          room_15, room_16, room_17, room_18, room_19, room_20, room_21,
          room_22, room_23, room_24, room_25, room_26, room_27]

Skill      XL: |  1  2  3  4  5  6  7  8  9 10 11 12 13 14 15 16 |
---------------+-------------------------------------------------+-----
Fighting       | 8 9 11 12 14 15 17 19 21 22 | 22.0
Axes           | 6 8 9 10 12 13 15 16 18 19 | 19.2
Armour         | 5 6 7 9 10 11 12 14 15 16 | 16.3
Dodging        | 4 5 6 7 8 9 10 11 12 13 | 13.1
Shields        | 7 9 10 12 13 15 17 19 20 21 | 21.9

Action                   |  1- 3 |  4- 6 |  7- 9 | 10-12 | 13-15 | 16-18 || total
-------------------------+-------+-------+-------+-------+-------+-------++-------
Melee: Broad axe         |     4 |     5 |    32 |   125 |   161 |     7 ||   334
Invok: Berserk           |     1 |       |     2 |     6 |     5 |       ||    14
       Trog's Hand       |       |       |       |     1 |     1 |     1 ||     3
       Brothers in Arms  |       |       |       |       |     1 |     2 ||     3
 Abil: Fly               |       |       |       |       |     1 |       ||     1
  Use: Scroll            |       |       |       |     3 |       |       ||     3
       Potion            |       |       |       |       |     2 |     8 ||    10
 Stab: Distracted        |       |       |       |       |       |     1 ||     1
  Eat: Chunk             |       |       |       |     9 |     8 |       ||    17
Armor: Plate armour      |       |       |    12 |    44 |   128 |    52 ||   236
Dodge: Dodged            |       |       |     6 |    19 |    57 |    25 ||   107
Block: Shield            |     4 |     4 |    65 |   180 |   323 |    66 ||   642
       Reflection        |       |       |    14 |     7 |    11 |       ||    32
